 Dungeon Crawl Stone Soup version 0.30-a0-311-gf115ab0292 (webtiles) character file.

Game seed: 10276137793912239810

28 Bnni the Cudgeller (level 3, -3/37 HPs)
             Began as an Ogre Gladiator on Oct 25, 2022.
             Slain by a goblin
             ... wielding a +0 dagger
             ... led by Robin
              (5 damage)
             ... on level 2 of the Dungeon.
             The game lasted 00:01:44 (933 turns).

Bnni the Cudgeller (Ogre Gladiator)                  Turns: 933, Time: 00:01:45

Health: -3/37      AC:  3    Str: 20    XL:     3   Next: 14%
Magic:  3/3        EV: 10    Int:  9    God:
Gold:   71         SH:  0    Dex: 10    Spells: 2/2 levels left

rFire   . . .      SeeInvis .    a - +0 flail
rCold   . . .      Faith    .    (no shield)
rNeg    . . .      Spirit   .    b - +0 robe
rPois   .          Reflect  .    c - +0 hat
rElec   .          Harm     .    (no cloak)
rCorr   .          Rampage  .    (gloves unavailable)
Will    .....                    (boots unavailable)
Stlth   +.........               (no amulet)
HPRegen 0.26/turn                (no ring)
MPRegen 0.08/turn                (no ring)

@: flying
A: large, unfitting armour, tough skin 1
a: no special abilities


You were on level 2 of the Dungeon.
You visited 1 branch of the dungeon, and saw 2 of its levels.

You collected 71 gold pieces.

Inventory:

Hand Weapons
 a - a +0 flail (weapon)
Missiles
 d - 3 throwing nets (quivered)
 f - 3 silver boomerangs
Armour
 b - a +0 robe (worn)
 c - a +0 hat (worn)
Scrolls
 g - a scroll of teleportation {unknown}
 h - a scroll of fear {unknown}


   Skills:
 + Level 3.3 Fighting
 * Level 3.3 Maces & Flails
 + Level 2.4 Throwing
 - Level 2.6 Dodging


You had 2 spell levels left.
You didn't know any spells.
Your spell library was empty.

Dungeon Overview and Level Annotations

Branches:
Dungeon (2/15)

Altars:

Annotations:
D:2 Robin


Innate Abilities, Weirdness & Mutations

You are too large for most types of armour.
You have tough skin. (AC +1)


Message History

The goblin is heavily wounded.
The goblin hits you with a +0 dagger.
Unknown command.
Okay, then.
You hit the goblin.
You kill the goblin!
The goblin no longer looks unusually strong. x2
The goblin hits you with a +0 dagger. x2
You closely miss the goblin.
The goblin no longer looks unusually strong. x2
The goblin hits you with a +0 dagger.
* * * LOW HITPOINT WARNING * * *
The goblin hits you but does no damage. The goblin hits you with a +0 dagger.
* * * LOW HITPOINT WARNING * * *
The goblin hits you with a +0 dagger.
* * * LOW HITPOINT WARNING * * *
The goblin misses you.
Robin roars a battlecry!
The goblins go into a battle-frenzy!
The goblin barely misses you.
It was a potion of flight.
You feel very buoyant.
You fly up into the air.
The goblin hits you with a +0 dagger.
* * * LOW HITPOINT WARNING * * *
The goblin hits you but does no damage. The goblin closely misses you.
Okay, then.
Throw: large rock
Press: ? - help, Shift-Dir - straight line, f - Robin
Aim: Robin, wielding a +1 falchion of electrocution, wearing a +0 animal skin and wearing a +0 helmet (65% to hit)
You throw a large rock. The large rock hits the goblin!
You kill the goblin!
The goblin hits you but does no damage. The goblin closely misses you.
You sock Robin!
Robin is severely wounded.
The hobgoblin no longer looks unusually strong.
The goblin hits you but does no damage. The goblin completely misses you.
Robin hits you with a +1 falchion of electrocution.
* * * LOW HITPOINT WARNING * * *
The goblin hits you with a +0 dagger.
You die...

.........
........
#######.....#
#...........#
#...........#
#.gg..†g....#
#'#.$$..#
#g#.....#
#@#.....#
#gggg...#
#....
###g....#
#.... #.....#
#.... #.....#
#.... #.....#
#[... ###'###
#.... #.#
###.... #.#
#......


You could see Robin, a hobgoblin and 4 goblins.

Vanquished Creatures
  A worm (D:2)
  2 endoplasms
  A giant cockroach (D:2)
  4 goblins
  3 hobgoblins
  A quokka (D:1)
  2 ball pythons (D:1)
  4 bats (D:1)
  2 frilled lizards
  3 kobolds (D:1)
23 creatures vanquished.

Notes
Turn   | Place    | Note
-------+----------+-------------------------------------------
     0 | D:1      | Bnni the Ogre Gladiator began the quest for the Orb.
     0 | D:1      | Reached XP level 1. HP: 22/22 MP: 1/1
   216 | D:1      | Reached XP level 2. HP: 20/29 MP: 2/2
   917 | D:2      | Noticed Robin
   920 | D:2      | Reached XP level 3. HP: 28/37 MP: 3/3
   933 | D:2      | Slain by a goblin

Illustrated notes

Levels and vault maps discovered:
D:1:      minmay_arrival_radiant_lines, layout_loops_ring
D:2:      layout_basic, uniq_jessica, uniq_robin

Skill      XL: |  1  2 |
---------------+-------+-----
Maces & Flails | 3 |  3.3
Fighting       | 3 |  3.3
Throwing       | |  2.4
Dodging        | |  2.6

Action                   || total
-------------------------++-------
Melee: Flail             ||    66
       Punch             ||     1
Throw: Large rock        ||     1
  Use: Potion            ||     1
 Stab: Sleeping          ||     2
Armor: Robe              ||    32
Dodge: Dodged            ||    43

Table legend: (Time is in decaauts)
 A = Elapsed time spent in this place.
 B = Non-inter-level travel time spent in this place.
 C = Inter-level travel time spent in this place.
 D = Time resting spent in this place.
 E = Time spent auto-exploring this place.
 F = Levels seen in this place.
 G = Mean time per level.
                   A        B        C        D        E       F      G
               +--------+--------+--------+--------+--------+-----+--------+
         Total |    950 |    917 |     33 |      0 |    738 |   2 |  475.0 |
       Dungeon |    950 |    917 |     33 |      0 |    738 |   2 |  475.0 |
               +--------+--------+--------+--------+--------+-----+--------+

Top non-repeatable levels by time:
     D:1: 746 daAuts
     D:2: 203 daAuts
